 Dungeon Crawl Stone Soup version 0.22-a0-417-g1387785b41 (webtiles) character file.

618635 RaHiT the Petrodigitator (level 26, -8/225 HPs)
             Began as a Deep Dwarf Earth Elementalist on May 10, 2018.
             Was the Champion of Makhleb.
             Mangled by a reaper
             ... wielding a +2 scythe of distortion
              (19 damage)
             ... in the Vestibule of Hell on May 15, 2018.
             The game lasted 12:59:43 (87784 turns).

RaHiT the Petrodigitator (DDEE)                    Turns: 87784, Time: 12:59:44

Health: -8/225     AC: 13    Str: 19    XL:     26   Next: 45%
Magic:  69/69      EV: 12    Int: 31    God:    Makhleb [******]
Gold:   6102       SH: 19    Dex: 13    Spells: 13/72 levels left

rFire    + + .     SeeInvis +   a - staff of power
rCold    + . .     Gourm    .   K - +2 shield {AC+3}
rNeg     + + .     Faith    .   j - +2 robe {Archmagi}
rPois    +         Spirit   .   x - +1 hat {MR+}
rElec    +         Reflect  +   A - +1 cloak {MR+}
rCorr    .         Harm     .   L - +1 pair of gloves {Dex+3}
MR       +++++     Rnd*Tele +   N - +0 pair of boots "Ykhyasepu" {Int+4}
Stlth    ++........             q - amulet "Ushemi" {Reflect +Inv rC+ Str+6 SH+3 Stlth-}
HPRegen  0.00/turn              e - ring "Ukleus" {rElec rPois SInv}
MPRegen  0.41/turn              G - ring "Atun" {rF++ rN+ MP+9 Dex-3 Stlth+}

@: non-regenerating
A: damage resistance, heal wounds, blink, deterioration 1, low mp 1, negative
energy resistance 1, sense surroundings 3, teleportitis 1, MP-powered wands, no
regeneration
}: 4/15 runes: serpentine, barnacled, slimy, abyssal
a: Heal Wounds, Blink, Minor Destruction, Lesser Servant of Makhleb, Major
Destruction, Greater Servant of Makhleb, Renounce Religion, Evoke Invisibility


You were in the Vestibule of Hell.
You worshipped Makhleb.
Makhleb was exalted by your worship.
You were not hungry.

You visited 11 branches of the dungeon, and saw 52 of its levels.
You visited the Abyss 1 time.
You also visited: Ice Cave.

You collected 7012 gold pieces.
You spent 910 gold pieces at shops.

Inventory:

Armour
 j - a +2 robe of the Archmagi (worn)
 x - a +1 hat of magic resistance (worn)
 A - a +1 cloak of magic resistance (worn)
 K - a +2 shield of protection (worn)
 L - a +1 pair of gloves of dexterity (worn)
 N - the +0 pair of boots "Ykhyasepu" (worn) {Int+4}
   (You bought it in a shop on level 12 of the Dungeon)

   It affects your intelligence (+4).
Magical Staves
 a - an uncursed staff of power (weapon)
 b - an uncursed staff of earth
Jewellery
 e - the ring "Ukleus" (left hand) {rElec rPois SInv}
   (You found it on level 1 of the Shoals)

   [ring of see invisible]

   It insulates you from electricity.
   It protects you from poison.
   It lets you see invisible.
 h - the ring "Fit Keymm" {*Drain +Fly rN+ MR+ Int+2}
   (You found it on level 5 of the Pits of Slime)

   [ring of flight]

   It affects your intelligence (+2).
   It protects you from negative energy.
   It affects your resistance to hostile enchantments.
   It lets you fly.
   It causes draining when unequipped.
 q - the amulet "Ushemi" (around neck) {Reflect +Inv rC+ Str+6 SH+3 Stlth-}
   (You took it off a merfolk impaler on level 4 of the Shoals)

   [amulet of reflection]

   It shields you and reflects attacks.
   It affects your strength (+6).
   It protects you from cold.
   It lets you turn invisible.
   It affects your SH (+3).
   It makes you less stealthy.
 r - the ring "Tepuuq" {rCorr MR+ Str-4 Dex+6}
   (You found it on level 2 of the Abyss)

   [ring of resist corrosion]

   It affects your strength (-4).
   It affects your dexterity (+6).
   It affects your resistance to hostile enchantments.
 G - the ring "Atun" (right hand) {rF++ rN+ MP+9 Dex-3 Stlth+}
   (You found it on level 3 of the Crypt)

   [ring of positive energy]

   It affects your dexterity (-3).
   It greatly protects you from fire.
   It protects you from negative energy.
   It affects your magic capacity (+9).
   It makes you more stealthy.
 T - the ring "Wamogopt" {rN+ MR+ MP+9 Int+2 Slay+2}
   (You took it off a draconian monk on level 5 of the Depths)

   [ring of magical power]

   It affects your intelligence (+2).
   It affects your accuracy and damage with ranged weapons and melee attacks
   (+2).
   It protects you from negative energy.
   It affects your resistance to hostile enchantments.
   It affects your magic capacity (+9).
Wands
 n - a wand of clouds (15)
 C - a wand of acid (17)
 S - a wand of digging (26)
 U - a wand of scattershot (7)
 V - a wand of iceblast (11)
Scrolls
 f - 10 scrolls of teleportation
 i - 24 scrolls of remove curse
 o - 9 scrolls of blinking
 p - 13 scrolls of immolation
 t - 3 scrolls of magic mapping
 u - 7 scrolls of holy word
 w - 5 scrolls of vulnerability
 y - a scroll of summoning
 B - 10 scrolls of identify
 E - 2 scrolls of acquirement
 F - 9 scrolls of fog
 H - 14 scrolls of amnesia
 Z - 5 scrolls of enchant armour
Potions
 g - 7 potions of cancellation
 k - 5 potions of brilliance
 s - 3 potions of agility
 D - 10 potions of heal wounds
 I - 3 potions of mutation
 J - 9 potions of haste
 M - 8 potions of flight
 P - 13 potions of curing
 Q - a potion of resistance
 W - a potion of magic
 X - 2 potions of invisibility
Miscellaneous
 c - a crystal ball of energy
 l - a lamp of fire (inert)
 z - 2 phantom mirrors
 O - a phial of floods
 R - a lightning rod (4/4)
 Y - a sack of spiders
Comestibles
 d - 58 rations
 m - 7 chunks of flesh


   Skills:
 - Level 11.0 Fighting
 - Level 2.1 Dodging
 - Level 2.4 Stealth
 - Level 15.0 Shields
 * Level 23.8 Spellcasting
 - Level 10.0 Conjurations
 - Level 10.0 Necromancy
 - Level 0.8 Transmutations
 - Level 19.0 Fire Magic
 O Level 27 Earth Magic


You had 13 spell levels left.
You knew the following spells:

 Your Spells              Type           Power        Failure   Level  Hunger
a - Sandblast             Erth           ######       0%          1    None
b - Stone Arrow           Conj/Erth      ######       0%          3    None
c - Passwall              Tmut/Erth      ########..   0%          2    None
d - Petrify               Tmut/Erth      ########     1%          4    None
e - Lee's Rapid Deconstr  Erth           ########..   0%          5    None
f - Bolt of Fire          Conj/Fire      ########..   1%          6    None
g - Iron Shot             Conj/Erth      ########..   1%          6    None
h - Ignition              Fire           ########..   1%          8    ###....
i - Borgnjor's Vile Clut  Necr/Erth      ########..   0%          5    None
j - Apportation           Tloc           ######       1%          1    None
k - Blink                 Tloc           N/A          1%          2    None
l - Sublimation of Blood  Necr           #######...   1%          2    None
m - Lehudib's Crystal Sp  Conj/Erth      ########..   2%          8    ###....
n - Death Channel         Necr           #######...   1%          6    None

Your spell library contained the following spells:

 Spells                   Type           Power        Failure   Level  Hunger
 Cause Fear               Hex            ######....   8%          4    None
 Magic Dart               Conj           ####         0%          1    None
 Fireball                 Conj/Fire      ########..   1%          5    None
 Conjure Flame            Conj/Fire      ########     0%          3    None
 Bolt of Cold             Conj/Ice       #######...   16%         6    None
 Lightning Bolt           Conj/Air       #######...   2%          5    None
 Bolt of Magma            Conj/Fire/Erth ########..   0%          5    None
 Slow                     Hex            ######..     1%          2    None
 Confuse                  Hex            ######..     2%          3    None
 Invisibility             Hex            ######..     77%         6    None
 Throw Flame              Conj/Fire      ######       0%          2    None
 Freezing Cloud           Conj/Ice/Air   ######....   30%         6    None
 Mephitic Cloud           Conj/Pois/Air  ######..     1%          3    None
 Ring of Flames           Chrm/Fire      #######...   14%         7    None
 Venom Bolt               Conj/Pois      #######...   2%          5    None
 Olgreb's Toxic Radiance  Pois           ######..     8%          4    None
 Teleport Other           Tloc           ######..     2%          3    None
 Summon Small Mammal      Summ           ####         1%          1    None
 Fire Storm               Conj/Fire      ########..   91%         9    #####..
 Iskenderun's Mystic Bla  Conj           #######.     1%          4    None
 Summon Horrible Things   Summ           ######....   100%        8    ###....
 Animate Dead             Necr           N/A          1%          4    None
 Animate Skeleton         Necr           N/A          0%          1    None
 Ozocubu's Refrigeration  Ice            ######....   77%         6    None
 Sticky Flame             Conj/Fire      ########     1%          4    None
 Summon Ice Beast         Ice/Summ       ######..     8%          4    None
 Call Imp                 Summ           ######..     1%          2    None
 Poison Arrow             Conj/Pois      #######...   16%         6    None
 Regeneration             Chrm/Necr      #######...   1%          3    None
 Tukima's Dance           Hex            ######..     2%          3    None
 Summon Demon             Summ           ######....   22%         5    None
 Summon Greater Demon     Summ           ######....   100%        7    None
 Corpse Rot               Necr           N/A          1%          2    None
 Shock                    Conj/Air       ####         1%          1    None
 Swiftness                Chrm/Air       ######..     1%          2    None
 Recall                   Summ/Tloc      N/A          2%          3    None
 Agony                    Necr           #######.     1%          5    None
 Spider Form              Tmut/Pois      ######....   1%          3    None
 Statue Form              Tmut/Erth      ########.    1%          6    None
 Ice Form                 Ice/Tmut       ######..     7%          4    None
 Dragon Form              Tmut           ######....   99%         7    None
 Deflect Missiles         Chrm/Air       ######....   77%         6    None
 Glaciate                 Conj/Ice       #######...   100%        9    #####..
 Airstrike                Air            ######....   8%          4    None
 Shadow Creatures         Summ           N/A          77%         6    None
 Confusing Touch          Hex            ######       1%          1    None
 Flame Tongue             Conj/Fire      #####        0%          1    None
 Ignite Poison            Fire/Tmut/Pois #######.     1%          3    None
 Call Canine Familiar     Summ           ######..     2%          3    None
 Ensorcelled Hibernation  Hex/Ice        ######       1%          2    None
 Metabolic Englaciation   Hex/Ice        ######....   22%         5    None
 Summon Butterflies       Summ           ######..     1%          1    None
 Silence                  Hex/Air        ######....   22%         5    None
 Static Discharge         Conj/Air       #######.     1%          3    None
 Corona                   Hex            ######.      1%          1    None
 Alistair's Intoxication  Tmut/Pois      ######..     19%         5    None
 Simulacrum               Ice/Necr       #######...   16%         6    None
 Chain Lightning          Conj/Air       #######...   100%        8    ###....
 Monstrous Menagerie      Summ           ######....   100%        7    None
 Passage of Golubria      Tloc           N/A          8%          4    None
 Orb of Destruction       Conj           #######...   11%         7    None
 Malign Gateway           Summ/Tloc      ######....   100%        7    None
 Summon Hydra             Summ           ######....   100%        7    None
 Darkness                 Hex            ######....   77%         6    None
 Inner Flame              Hex/Fire       #######.     1%          3    None
 Aura of Abjuration       Summ           ######....   22%         5    None
 Disjunction              Tloc           ######....   100%        8    ###....
 Iskenderun's Battlesphe  Conj/Chrm      #######.     2%          5    None
 Fulminant Prism          Conj/Hex       #######...   1%          4    None
 Dazzling Spray           Conj/Hex       ######       1%          3    None
 Force Lance              Conj/Tloc      #######.     1%          4    None
 Infusion                 Chrm           ####         1%          1    None
 Song of Slaying          Chrm           ######..     1%          2    None
 Spectral Weapon          Hex/Chrm       ######..     2%          3    None
 Searing Ray              Conj           ######       1%          2    None
 Discord                  Hex            ######....   100%        8    ###....
 Summon Forest            Summ/Tloc      ######....   22%         5    None
 Summon Lightning Spire   Summ/Air       ######..     8%          4    None
 Summon Guardian Golem    Hex/Summ       ######..     2%          3    None
 Dragon's Call            Summ           ######....   100%        9    #####..
 Spellforged Servitor     Conj/Summ      #######...   65%         7    None
 Summon Mana Viper        Hex/Summ       ######..     22%         5    None
 Gell's Gravitas          Tloc           ######....   2%          3    None
 Yara's Violent Unravell  Hex/Tmut       ######....   19%         5    None
 Lesser Beckoning         Tloc           ######....   2%          3    None
 Poisonous Vapours        Pois/Air       ######       1%          2    None


Dungeon Overview and Level Annotations

Branches:
Dungeon (15/15)            Temple (0/1) D:6            Lair (6/6) D:8
 Shoals (4/4) Lair:4        Snake (4/4) Lair:4        Slime (5/5) Lair:5
    Orc (2/2) D:12            Elf (3/3) Orc:2        Vaults (4/5) D:13
  Crypt (3/3) Vaults:2       Tomb (0/3) Crypt:3      Depths (5/5) D:15
   Hell (1/1)                 Zot (0/5) Depths:5
    Dis: Hell:1         Geh: Hell:1         Coc: Hell:1         Tar: Hell:1

Altars:
Kikubaaqudgha
Makhleb
Nemelex Xobeh
Okawaru
Trog
Wu Jian
Yredelemnul
The Shining One

Shops:
D:12 *[*[%   D:13 [   D:15 %?(   Orc:2 !}}*   Elf:1 (   Elf:2 }   Shoals:4 ?
Snake:1 (   Snake:3 }}=   Vaults:3 [   Depths:2 *

Portals:
Hell: Lair:6 Depths:1 Depths:2 Depths:3 Depths:4 Depths:5
Abyss: Depths:2 Depths:3 Depths:4 Depths:5
Pandemonium: Depths:1 Depths:3
Ziggurat: Depths:3

Annotations:
Snake:2 1 runed door


Innate Abilities, Weirdness & Mutations

You are resistant to damage.
You can heal yourself by infusing magical energy.
You resist negative energy. (rN+)
You passively map a large area around you.
You do not regenerate.
You can translocate small distances at will.
Your body sometimes deteriorates upon taking damage.
Your magical capacity is low. (-10% MP)
You are occasionally teleported next to monsters.
You expend magic power (3 MP) to strengthen your wands.


Message History

Wear which item? (? for menu, Esc to quit)
Okay, then.
There is a gateway to Hell here.
You start resting.
Magic restored.
You go down through the gate.
Welcome back to the Vestibule of Hell!
The hell knight shouts!
You block the hell knight's attack. You block the reaper's attack.
The reaper hits you with a scythe of venom!!!
* * * LOW HITPOINT WARNING * * *
You block the necromancer's attack.
The hell knight casts a spell.
The hell knight seems to speed up.
The hell knight hits you from afar with a glaive of flaming!!
* * * LOW HITPOINT WARNING * * *
There is a gateway back into the Dungeon, spattered with blood here.
Unknown command.
You block the necromancer's attack.
The reaper hits you with a scythe of distortion!!
You die...

##...# *, ≈, ##.....##
, , ##.......## *. ≈ ,
##......p..## *..,, , ,
##...........## **..§§
≈
#..........[..####..≈≈
≈≈ ,
..........p.p..#...≈≈#*
≈, ,
.......∩..Z.....^..≈#
*≈ ,
.Z....∩...p.p)@pp..§#
*≈ ,
.......∩.....2.2p.§§#*
,
..............)##.p≈§#
* * *#..............#
#§p§≈* **
##...........### *#..≈
≈,,* ##.........## #..
* ##.......## #.
##.....## * ##...## * ,


You could see 2 reapers, 9 hell knights, a necromancer and a spiny frog
skeleton.

Vanquished Creatures
  the Royal Jelly (Slime:5)
  2 ancient liches
  Sojobo (Depths:2)
  Bai Suzhen (Depths:2)
  Xtahua (Crypt:1)
  Boris (Depths:5)
  Saint Roka (Depths:4)
  4 caustic shrikes (Depths:5)
  Geryon (Hell)
  3 golden dragons
  Nikola (Depths:2)
  the Enchantress (Depths:5)
  3 bone dragons
  Jorgrun (Vaults:1)
  Rupert (Lair:3)
  3 deep elf blademasters
  2 deep elf master archers (Elf:3)
  6 liches
  2 tentacled monstrosities
  4 tentacled starspawn
  21 acid blobs
  3 ancient champions
  3 krakens (Shoals:4)
  Kirke (D:14)
  Gastronok (D:8)
  Frances (Shoals:1)
  3 sphinxes
  5 draconian monks (Depths:5)
  2 Executioners
  A storm dragon (Vaults:4)
  Roxanne (D:14)
  8 nagarajas
  2 revenants
  13 azure jellies
  4 deep elf sorcerers
  The ghost of Naab the Imperceptible, an adept SpEn of Dithmenos (Vaults:1)
  5 tengu reavers
  5 fire giants
  9 frost giants
  8 vault wardens
  An orc warlord (Vaults:1)
  A draconian scorcher (Depths:5)
  2 balrugs
  A juggernaut zombie (Crypt:2)
  Aizul (Snake:2)
  5 curse skulls
  5 ghouls
  The ghost of htuhola the Impaler, a journeyman MiMo of Ru (Slime:1)
  3 deep elf elementalists (Elf:3)
  13 ironheart preservers
  4 spriggan defenders
  A draconian annihilator (Depths:5)
  20 very ugly things
  11 stone giants
  3 war gargoyles (Crypt:3)
  3 reapers
  5 vampire knights
  20 starcursed masses
  A green draconian (Depths:5)
  4 red draconians (Depths:5)
  7 black draconians (Depths:5)
  A yellow draconian (Abyss:1)
  3 deep elf demonologists (Elf:3)
  8 deep elf annihilators (Elf:3)
  5 purple draconians
  A lorocyproca (Depths:3)
  6 spark wasps (Depths:3)
  4 white draconians (Depths:5)
  A dire elephant (Lair:6)
  2 eidola
  7 death oozes
  5 crystal guardians
  3 merfolk javelineers (Shoals:4)
  An ettin (shapeshifter) (Abyss:5)
  A green death (Abyss:1)
  6 jiangshi
  8 ettins
  3 fire dragons
  7 deep elf death magi
  2 quicksilver dragon zombies
  5 merfolk impalers
  7 great orbs of eyes
  8 ogre magi
  13 yaktaur captains
  A deep elf high priest (Elf:3)
  5 ice dragons
  2 great orbs of eyes (shapeshifter)
  5 rakshasas
  4 vault guards
  13 naga warriors
  2 spriggan air magi
  7 hydras
  2 merfolk avatars
  An anaconda (shapeshifter) (Vaults:4)
  11 small abominations
  3 hell beasts
  2 alligator snapping turtles
  17 centaur warriors
  3 merfolk aquamancers
  A quicksilver dragon skeleton (Crypt:3)
  2 death knights
  21 two-headed ogres
  7 anacondas
  A two-headed ogre (shapeshifter) (Abyss:4)
  5 deep troll earth magi
  9 deep troll shamans
  39 dancing weapons
  5 tengu warriors
  17 naga sharpshooters
  3 orc high priests
  A titan zombie (Crypt:3)
  3 soul eaters
  10 death yaks
  19 hell knights
  6 vampire magi
  A shock serpent (shapeshifter) (Vaults:4)
  4 spriggans (Depths:5)
  13 thrashing horrors
  5 spriggan berserkers
  A hell hog (Abyss:2)
  Sonja (D:14)
  7 shock serpents
  2 titan skeletons
  22 deep elf knights
  2 sun demons
  6 salamander mystics
  5 sixfirhies
  7 wretched stars
  A shadow wraith (Crypt:2)
  A ghost moth zombie (Crypt:3)
  3 iron trolls
  17 skeletal warriors
  A death drake (Depths:5)
  29 deep trolls
  6 flayed ghosts
  Pikel (D:5)
  A glowing orange brain (shapeshifter) (D:15)
  A swamp dragon (shapeshifter) (Vaults:3)
  12 sea snakes
  6 naga ritualists
  3 glowing orange brains
  12 unseen horrors
  A golden dragon zombie (Crypt:1)
  A phantasmal warrior (Crypt:2)
  An anaconda skeleton (Crypt:3)
  4 lindwurms (Depths:5)
  17 deep elf archers
  6 wizards
  A wolf spider zombie (D:14)
  22 harpies
  14 ironbrand convokers
  A lindwurm (shapeshifter) (Elf:1)
  11 necromancers
  60 deep elf magi
  60 ugly things
  16 orc knights
  6 cyclopes
  6 wolf spiders
  11 mana vipers
  2 shadow dragon skeletons
  11 orc sorcerers
  A manticore (shapeshifter) (Elf:2)
  13 shining eyes
  10 fauns
  A stone giant zombie (Abyss:2)
  9 manticores
  7 merfolk sirens
  15 naga magi
  A tengu skeleton (Vaults:4)
  22 salamanders
  10 elephants
  6 centaur zombies
  2 ice statues (D:12)
  A fire giant skeleton (Crypt:3)
  5 eyes of devastation
  3 rust devils
  13 smoke demons
  34 black mambas
  4 guardian serpents (Snake:4)
  A stone giant skeleton (Vaults:4)
  A worldbinder (Abyss:2)
  A water nymph (shapeshifter) (Elf:2)
  6 water nymphs
  2 guardian serpents (shapeshifter) (Abyss:5)
  10 orange demons
  10 vault sentinels
  A death yak zombie (Crypt:1)
  3 hellions
  A shock serpent skeleton (Crypt:1)
  9 spiny frogs
  45 yaktaurs
  A kobold demonologist (D:14)
  9 freezing wraiths
  2 rime drakes (shapeshifter)
  5 rime drakes
  3 efreet (Abyss:4)
  6 ice devils
  11 komodo dragons
  A sea snake skeleton (Crypt:1)
  4 ancient zymes
  4 hellwings
  7 red devils
  17 merfolk
  7 tengu conjurers
  A redback zombie (D:15)
  7 wind drakes
  3 meliai (D:14)
  A queen bee (D:14)
  5 hornets
  A meliai (shapeshifter) (Depths:1)
  8 trolls
  24 blink frogs
  A tyrant leech (shapeshifter) (Elf:1)
  14 polar bears
  2 human skeletons (Vaults:4)
  Grinder (D:6)
  13 hippogriffs
  An iron dragon simulacrum (Depths:3)
  A human simulacrum (Vaults:1)
  16 raiju
  14 dream sheep
  2 slime creatures (shapeshifter)
  2 meliai zombies
  A fire dragon skeleton (Abyss:2)
  158 slime creatures
  30 flying skulls
  2 bog bodies
  7 shadows
  9 snapping turtles
  17 large abominations
  3 vampires
  19 water elementals
  Sigmund (D:5)
  6 ynoxinuls
  4 air elementals
  15 fire elementals
  2 humans
  3 wraiths
  A wyvern (D:10)
  Eustachio (D:5)
  3 golden eyes (Slime:2)
  49 yaks
  2 hungry ghosts (D:14)
  5 hogs
  A human (shapeshifter) (Elf:3)
  A wind drake skeleton (Crypt:2)
  2 basilisks
  A golden eye (shapeshifter) (Depths:1)
  5 neqoxecs
  7 wargs
  A vampire mosquito (D:14)
  12 chaos spawn
  A spiny frog zombie (Crypt:3)
  An acid dragon (D:14)
  74 nagas
  A floating eye (Depths:3)
  Duvessa (D:5)
  6 hell hounds
  5 porcupines
  20 water moccasins
  2 swamp drakes (shapeshifter)
  41 orc warriors
  A black bear (shapeshifter) (Elf:1)
  3 swamp drakes (Depths:5)
  12 ice beasts
  An ice beast (shapeshifter) (Vaults:1)
  7 sky beasts
  2 phantoms
  An ettin simulacrum (Vaults:3)
  23 ogres
  8 necrophages
  A blink frog zombie (Crypt:2)
  6 boggarts
  3 black bears
  2 human zombies
  14 wolves (IceCv)
  11 eyes of draining
  A manticore skeleton (Crypt:1)
  25 centaurs
  19 crocodiles
  An elf simulacrum (Vaults:1)
  The ghost of Stone the Chiller, an amateur OpIE (D:3)
  4 big kobolds
  A komodo dragon zombie (Crypt:1)
  17 bullfrogs
  A gnoll sergeant (D:8)
  5 earth elementals
  A cyclops zombie (Crypt:1)
  A yaktaur skeleton (Crypt:1)
  4 scorpions
  Dowan (D:5)
  31 killer bees
  11 wights
  A spriggan skeleton (Crypt:3)
  7 howler monkeys
  10 crimson imps
  10 jellies
  A jelly (shapeshifter) (Vaults:1)
  10 quasits
  2 bullfrog zombies (D:5)
  7 hounds
  31 orc priests
  Crazy Yiuf (D:5)
  5 centaur skeletons
  A gnoll shaman (D:5)
  5 iguanas
  43 orc wizards
  3 bullfrog skeletons
  3 iron imps
  10 worker ants
  A tengu zombie (Crypt:2)
  A sky beast zombie (Crypt:2)
  3 hound skeletons
  A worker ant zombie (Crypt:2)
  17 gnolls
  A howler monkey skeleton (D:11)
  16 adders
  A scorpion zombie (Crypt:2)
  5 shadow imps
  A white imp (Depths:3)
  4 ufetubi
  An adder zombie (D:5)
  4 adder skeletons
  2 worms (D:2)
  3 dart slugs
  4 leopard geckos
  101 orcs
  12 bats
  2 bat zombies (D:8)
  4 giant cockroaches
  5 goblins
  9 hobgoblins
  4 jackals (D:7)
  10 kobolds
  2 quokkas
  A ball python zombie (Crypt:1)
  3 frilled lizards
  A leopard gecko skeleton (D:4)
  A leopard gecko zombie (D:7)
  5 rats
  3 rat zombies (D:8)
  5 fungi
  3 lurking horrors
  7 plants
  4 starspawn tentacles
  6 tentacles (Shoals:4)
2587 creatures vanquished.

Vanquished Creatures (collateral kills)
  A kraken (Shoals:4)
  Polyphemus (Shoals:3)
  Ilsuiw (Shoals:4)
  A deep elf death mage (Depths:2)
  2 merfolk javelineers (Shoals:4)
  5 merfolk impalers
  A satyr (Shoals:3)
  A catoblepas (Shoals:3)
  3 merfolk aquamancers (Shoals:4)
  A glowing orange brain (Depths:1)
  4 sea snakes
  An ugly thing (Depths:1)
  A harpy (Shoals:4)
  3 manticores
  A cyclops (Shoals:2)
  2 merfolk sirens (Shoals:4)
  3 water nymphs
  14 merfolk
  3 wind drakes
  2 hippogriffs
  3 dream sheep (Shoals:2)
  4 snapping turtles
  3 water elementals
  7 plants (Shoals:4)
  3 tentacles (Shoals:4)
71 creatures vanquished.

Vanquished Creatures (others)
  Asterion (Depths:1)
  2 stone giants (Depths:3)
  A merfolk javelineer (Depths:2)
  A yaktaur captain (Depths:3)
  A centaur warrior (Depths:2)
  A merfolk aquamancer (Shoals:1)
  3 yaktaurs
  2 polar bears (IceCv)
  2 water elementals
  A human (D:14)
  A centaur (Depths:1)
  A bush (Depths:5)
  9 fungi
  33 plants
  6 starspawn tentacles
  50 tentacles (Shoals:4)
115 creatures vanquished.

Grand Total: 2773 creatures vanquished

Notes
Turn   | Place    | Note
-------+----------+-------------------------------------------
     0 | D:1      | RaHiT the Deep Dwarf Earth Elementalist began the quest for the Orb.
     0 | D:1      | Reached XP level 1. HP: 15/15 MP: 3/3
   117 | D:1      | Reached XP level 2. HP: 16/22 MP: 0/5
   593 | D:1      | Reached XP level 3. HP: 17/28 MP: 7/7
   897 | D:2      | Learned a level 3 spell: Stone Arrow
  1586 | D:2      | Reached XP level 4. HP: 36/36 MP: 5/9
  1797 | D:3      | Noticed an ogre
  2530 | D:3      | Noticed Stone's ghost (amateur OpIE)
  2661 | D:3      | Found a glowing golden altar of the Shining One.
  2806 | D:3      | Learned a level 2 spell: Passwall
  3250 | D:4      | Reached skill level 5 in Earth Magic
  3250 | D:4      | Reached XP level 5. HP: 41/42 MP: 0/11
  3642 | D:4      | Noticed an ogre
  3650 | D:4      | Killed an ogre
  3650 | D:4      | Reached skill level 6 in Earth Magic
  3650 | D:4      | Reached XP level 6. HP: 40/49 MP: 0/12
  3750 | D:4      | Learned a level 4 spell: Petrify
  3795 | D:4      | Found a burning altar of Makhleb.
  3795 | D:4      | Noticed a balrug
  3798 | D:4      | Noticed an orange demon
  3798 | D:4      | Noticed a hellwing
  3800 | D:4      | Became a worshipper of Makhleb the Destroyer
  3846 | D:4      | Reached skill level 7 in Earth Magic
  4998 | D:5      | Entered Level 5 of the Dungeon
  5079 | D:5      | Noticed Eustachio
  5091 | D:5      | Killed Eustachio
  5091 | D:5      | Reached skill level 8 in Earth Magic
  5091 | D:5      | Reached XP level 7. HP: 32/55 MP: 3/13
  5202 | D:5      | Reached skill level 9 in Earth Magic
  5333 | D:5      | Found an ornate altar of the Wu Jian Council.
  5333 | D:5      | Found an iron altar of Okawaru.
  5381 | D:5      | Noticed Dowan
  5999 | D:5      | Found a runed door.
  6003 | D:5      | Noticed Crazy Yiuf
  6008 | D:5      | Killed Crazy Yiuf
  6151 | D:5      | Noticed Pikel
  6169 | D:5      | Reached skill level 10 in Earth Magic
  6256 | D:5      | Noticed Sigmund
  6318 | D:5      | Reached skill level 1 in Shields
  6469 | D:5      | Noticed Duvessa
  6592 | D:6      | Reached * piety under Makhleb
  6739 | D:6      | Reached XP level 8. HP: 18/62 MP: 5/14
  6811 | D:6      | Learned a level 5 spell: Lee's Rapid Deconstruction
  6955 | D:6      | Found a staircase to the Ecumenical Temple.
  7072 | D:6      | Reached skill level 5 in Spellcasting
  7387 | D:6      | Noticed Grinder
  7391 | D:6      | Paralysed by Grinder for 6 turns
  7400 | D:6      | Paralysed by Grinder for 4 turns
  7412 | D:6      | Killed Grinder
  8054 | D:7      | Gained mutation: You passively map the area around you. [Deep Dwarf growth]
  8054 | D:7      | Reached XP level 9. HP: 18/68 MP: 3/20
  9520 | D:8      | Reached ** piety under Makhleb
  9638 | D:8      | Found an ancient bone altar of Kikubaaqudgha.
  9697 | D:8      | Noticed Gastronok
  9754 | D:8      | Killed Gastronok
  9754 | D:8      | Reached skill level 10 in Spellcasting
  9754 | D:8      | Reached XP level 10. HP: 75/75 MP: 2/24
 10919 | D:8      | Found a staircase to the Lair.
 11063 | D:3      | Killed Stone's ghost
 11518 | D:5      | Killed Sigmund
 11536 | D:5      | Killed Dowan
 11617 | D:5      | Killed Duvessa
 11794 | D:5      | Killed Pikel
 11794 | D:5      | Reached skill level 11 in Earth Magic
 12873 | D:9      | Reached skill level 12 in Earth Magic
 13183 | D:10     | Entered Level 10 of the Dungeon
 13183 | D:10     | Noticed a deep elf mage
 13191 | D:10     | Killed a deep elf mage
 13236 | D:10     | Noticed a two-headed ogre
 13475 | D:10     | Reached skill level 13 in Earth Magic
 13518 | D:10     | Noticed a two-headed ogre
 13521 | D:10     | Killed a two-headed ogre
 13521 | D:10     | Reached XP level 11. HP: 66/81 MP: 0/26
 13713 | D:10     | Noticed a two-headed ogre
 13729 | D:10     | Killed a two-headed ogre
 13729 | D:10     | Reached skill level 14 in Earth Magic
 14240 | D:10     | Reached *** piety under Makhleb
 14310 | D:10     | Killed a two-headed ogre
 14468 | D:10     | Reached skill level 15 in Earth Magic
 14679 | D:10     | Noticed a deep elf mage
 14680 | D:10     | Noticed a centaur warrior
 14684 | D:10     | Killed a deep elf mage
 14685 | D:10     | Killed a centaur warrior
 14873 | D:10     | Upgraded the game from 0.22-a0-408-g0c774a7e83 to 0.22-a0-409-gb855193d78
 14976 | D:11     | Killed an unseen horror
 15115 | D:11     | Noticed a green ugly thing
 15122 | D:11     | Killed a green ugly thing
 15250 | D:11     | Noticed a red ugly thing
 15266 | D:11     | Killed a red ugly thing
 15773 | D:11     | Noticed a two-headed ogre
 15779 | D:11     | Killed a two-headed ogre
 15779 | D:11     | Reached **** piety under Makhleb
 15779 | D:11     | Reached skill level 16 in Earth Magic
 16010 | D:12     | Reached XP level 12. HP: 88/88 MP: 28/28
 16046 | D:12     | Found Qefaum's General Store.
 16050 | D:12     | Bought a scroll of identify for 32 gold pieces
 16050 | D:12     | Bought a scroll of identify for 32 gold pieces
 16050 | D:12     | Bought a scroll of identify for 32 gold pieces
 16104 | D:12     | Found Ibeumnu's Antique Armour Shoppe.
 16159 | D:12     | Found Waecid's Food Shoppe.
 16243 | D:12     | Noticed a centaur warrior
 16246 | D:12     | Killed a centaur warrior
 16395 | D:12     | Found a bloodstained altar of Trog.
 16454 | D:12     | Found a staircase to the Orcish Mines.
 16551 | D:12     | Reached skill level 17 in Earth Magic
 16566 | D:12     | Found Bihopith's Antique Armour Shop.
 16570 | D:12     | Bought a pair of dazzling boots for 351 gold pieces
 16591 | D:12     | Identified the +0 pair of boots "Ykhyasepu" {Int+4} (You bought it in a shop on level 12 of the Dungeon)
 16930 | D:12     | Found Ylotyn's Assorted Antiques.
 16960 | D:12     | Got a crude hand axe
 17104 | Lair:1   | Entered Level 1 of the Lair of Beasts
 17176 | Lair:1   | Noticed a six-headed hydra
 17268 | Lair:1   | Killed a six-headed hydra
 17395 | Lair:1   | Reached skill level 18 in Earth Magic
 17860 | Lair:1   | Got a smoking hand axe
 18015 | Lair:2   | Identified a scroll of acquirement
 18278 | Lair:1   | Reached ***** piety under Makhleb
 19635 | Lair:3   | Noticed Rupert
 19653 | Lair:3   | Killed Rupert
 19653 | Lair:3   | Reached XP level 13. HP: 94/94 MP: 10/30
 19814 | Lair:3   | Found an ornate altar of the Wu Jian Council.
 21263 | Lair:4   | Found a staircase to the Shoals.
 21789 | Lair:4   | Found a staircase to the Snake Pit.
 22045 | Lair:5   | Got an ichor-stained arbalest
 22068 | Lair:5   | Reached skill level 15 in Spellcasting
 22241 | Lair:5   | Reached skill level 5 in Shields
 22915 | Lair:5   | Gained mutation: You resist negative energy. (rN+) [Deep Dwarf growth]
 22915 | Lair:5   | Reached XP level 14. HP: 102/102 MP: 33/33
 22953 | Lair:5   | Found a staircase to the Slime Pits.
 23092 | Lair:5   | Reached ****** piety under Makhleb
 23464 | Lair:6   | Entered Level 6 of the Lair of Beasts
 23871 | Lair:6   | Reached skill level 10 in Shields
 24145 | Lair:6   | Identified the +4 hand axe of the Pit {chop, rElec rF++ Str+3 Dex-2} (You found it on level 12 of the Dungeon)
 24953 | Lair:6   | Learned a level 6 spell: Bolt of Fire
 25519 | Lair:6   | Found a burning altar of Makhleb.
 25525 | Lair:6   | Found a gateway to Hell.
 25925 | Orc:1    | Entered Level 1 of the Orcish Mines
 26609 | Orc:2    | Entered Level 2 of the Orcish Mines
 26773 | Orc:2    | Found a frozen archway.
 26791 | IceCv    | Entered an ice cave
 27695 | IceCv    | Noticed a frost giant
 28196 | IceCv    | Killed a frost giant
 28196 | IceCv    | Reached XP level 15. HP: 108/108 MP: 21/34
 28682 | Orc:2    | Found a staircase to the Elven Halls.
 29439 | Orc:2    | Found Tafa's Distillery.
 29439 | Orc:2    | Found Mius's Gadget Shoppe.
 29442 | Orc:2    | Found Ciav's Gadget Emporium.
 29442 | Orc:2    | Found Kourant's General Store.
 29468 | Orc:2    | Reached skill level 15 in Shields
 29632 | Orc:2    | Identified the +9 arbalest "Beah" {flame, rF+ rC+} (You found it on level 5 of the Lair of Beasts)
 29633 | Orc:2    | Identified the +7 hand axe of the Snake Pit {freeze, rF+ Stlth+} (You found it on level 1 of the Lair of Beasts)
 29745 | D:13     | Reached skill level 1 in Fighting
 30191 | D:13     | Found Zegutz's Antique Armour Shop.
 30201 | D:13     | Bought a faintly glowing leather armour for 161 gold pieces
 30346 | D:13     | Identified the +1 leather armour "Witoudgh" {rN++ MR++ Int-4} (You bought it in a shop on level 13 of the Dungeon)
 30413 | D:13     | Found a runed warning-scrawled door.
 30427 | D:13     | Found a runed door.
 30428 | D:13     | Found a runed door.
 30885 | D:13     | Reached skill level 5 in Fighting
 31048 | D:13     | Found a gate to the Vaults.
 31470 | D:14     | Noticed Sonja
 31471 | D:14     | Killed Sonja
 31704 | D:14     | Noticed Kirke
 31708 | D:14     | Killed Kirke
 32780 | D:14     | Noticed Roxanne
 32785 | D:14     | Killed Roxanne
 32788 | D:14     | Identified Roxanne's Disquisition on Stones (You took it off Roxanne on level 14 of the Dungeon)
 32797 | D:14     | Learned a level 6 spell: Iron Shot
 32910 | D:15     | Entered Level 15 of the Dungeon
 33064 | D:15     | Found a staircase to the Depths.
 33184 | D:15     | Found Guby's Antique Weapon Shop.
 33258 | D:15     | Found Nevvyclu's Magic Scroll Boutique.
 33279 | D:15     | Reached XP level 16. HP: 146/146 MP: 30/35
 33284 | D:15     | Reached skill level 10 in Fighting
 33468 | D:15     | Found Ufelueme's Food Boutique.
 34417 | Elf:1    | Entered Level 1 of the Elven Halls
 35481 | Elf:1    | Found Wuquc's Antique Weapon Shop.
 35749 | Elf:1    | Reached skill level 19 in Earth Magic
 36494 | Elf:1    | Reached skill level 20 in Earth Magic
 36758 | Elf:1    | Identified Sif Muna's Disquisition on Ignition and Arcane Weapons
 36769 | Elf:1    | Learned a level 8 spell: Ignition
 37044 | Elf:2    | Found Tejachix's Gadget Boutique.
 37508 | Elf:2    | Reached skill level 21 in Earth Magic
 37543 | Elf:2    | Found a runed gate.
 37543 | Elf:2    | Found a runed gate.
 37543 | Elf:2    | Found a runed gate.
 37840 | Elf:2    | Reached XP level 17. HP: 112/157 MP: 36/36
 37959 | Elf:2    | Noticed a deep elf blademaster
 37980 | Elf:2    | Killed a deep elf blademaster
 38319 | Elf:2    | Reached skill level 22 in Earth Magic
 38718 | Elf:3    | Entered Level 3 of the Elven Halls
 39385 | Elf:3    | Reached skill level 23 in Earth Magic
 40417 | Elf:3    | Reached skill level 24 in Earth Magic
 40419 | Elf:3    | Noticed a deep elf master archer
 40419 | Elf:3    | Killed a deep elf master archer
 40630 | Elf:3    | Noticed a deep elf blademaster
 40633 | Elf:3    | Killed a deep elf blademaster
 40642 | Elf:3    | Noticed a deep elf blademaster
 40645 | Elf:3    | Killed a deep elf blademaster
 40788 | Elf:3    | Noticed a deep elf master archer
 40789 | Elf:3    | Killed a deep elf master archer
 40789 | Elf:3    | Gained mutation: You passively map a large area around you. [Deep Dwarf growth]
 40789 | Elf:3    | Reached XP level 18. HP: 128/165 MP: 37/37
 40933 | Elf:3    | Found the +0 mace of Variability {chaos}
 41013 | Elf:3    | Learned a level 5 spell: Borgnjor's Vile Clutch
 41016 | Elf:3    | Identified the Guide on the Traveller and Enchantment
 41020 | Elf:3    | Learned a level 1 spell: Apportation
 41022 | Elf:3    | Identified the Tome of Toxins and the Arsonist
 41090 | Elf:3    | Got a warped mace
 41091 | Elf:3    | Identified the +4 mace of Daptugig {elec, rN+} (You found it on level 3 of the Elven Halls)
 41575 | Snake:1  | Entered Level 1 of the Snake Pit
 41983 | Snake:1  | Found Xoorump's Weapon Shoppe.
 42382 | Snake:2  | Reached skill level 25 in Earth Magic
 42705 | Snake:2  | Noticed Aizul
 42900 | Snake:2  | Killed Aizul
 43480 | Snake:2  | Found a runed door.
 44374 | Snake:3  | Reached skill level 26 in Earth Magic
 45092 | Snake:3  | Found Zewi's Gadget Shoppe.
 45093 | Snake:3  | Found Ejeinid's Jewellery Shop.
 45095 | Snake:3  | Found Tyfuwyh's Gadget Shoppe.
 45924 | Snake:4  | Entered Level 4 of the Snake Pit
 46449 | Snake:4  | Reached skill level 27 in Earth Magic
 46497 | Snake:4  | Reached skill level 1 in Necromancy
 47017 | Snake:4  | Reached XP level 19. HP: 171/171 MP: 24/38
 47017 | Snake:4  | Reached skill level 5 in Necromancy
 48237 | Snake:4  | Got a serpentine rune of Zot
 48605 | Vaults:1 | Entered Level 1 of the Vaults
 49009 | Vaults:1 | Reached skill level 10 in Necromancy
 49325 | Vaults:1 | Reached skill level 1 in Conjurations
 49772 | Vaults:1 | Noticed Jorgrun
 49779 | Vaults:1 | Killed Jorgrun
 49780 | Vaults:1 | Reached skill level 5 in Conjurations
 50172 | Vaults:1 | Noticed Naab's ghost (adept SpEn)
 50184 | Vaults:1 | Killed Naab's ghost
 51696 | Vaults:1 | Upgraded the game from 0.22-a0-409-gb855193d78 to 0.22-a0-412-g2b68d144a4
 51803 | Vaults:2 | Reached XP level 20. HP: 180/180 MP: 16/39
 51989 | Vaults:2 | Found a staircase to the Crypt.
 51989 | Vaults:2 | Found a basalt altar of Yredelemnul.
 51990 | Vaults:2 | Found an ancient bone altar of Kikubaaqudgha.
 52377 | Vaults:2 | Reached skill level 10 in Conjurations
 52401 | Vaults:2 | Reached skill level 1 in Fire Magic
 53443 | Vaults:2 | Reached skill level 5 in Fire Magic
 54658 | Vaults:3 | Found Getoijy's Armour Emporium.
 55904 | Vaults:4 | Reached skill level 10 in Fire Magic
 56475 | Vaults:4 | Reached XP level 21. HP: 187/187 MP: 17/40
 58325 | Shoals:1 | Entered Level 1 of the Shoals
 58882 | Shoals:1 | Identified the cursed +1 battleaxe of Brawling {chop, *Drain +Inv rElec rN+} (You found it on level 1 of the Shoals)
 58944 | Shoals:1 | Got a sparkling glass ring
 58947 | Shoals:1 | Identified the ring "Ukleus" {rElec rPois SInv} (You found it on level 1 of the Shoals)
 58956 | Shoals:1 | Noticed Frances
 58967 | Shoals:1 | Killed Frances
 60463 | Shoals:2 | Learned a level 2 spell: Blink
 60470 | Shoals:2 | Learned a level 6 spell: Death Channel
 60984 | Shoals:3 | Noticed Polyphemus
 61012 | Shoals:3 | Killed Polyphemus
 61418 | Shoals:4 | Entered Level 4 of the Shoals
 61712 | Shoals:4 | Got a barnacled rune of Zot
 61769 | Shoals:4 | Found the +8 demon blade "Bloodbane" {slice, *Rage +Rage Stlth-}
 62382 | Shoals:4 | Reached skill level 15 in Fire Magic
 62439 | Shoals:4 | Got a brightly glowing bone amulet
 62440 | Shoals:4 | Identified the amulet "Ushemi" {Reflect +Inv rC+ Str+6 SH+3 Stlth-} (You took it off a merfolk impaler on level 4 of the Shoals)
 62587 | Shoals:4 | Noticed Ilsuiw
 62592 | Shoals:4 | Killed Ilsuiw
 62767 | Shoals:4 | Identified the +6 dagger of the Magi {vamp, rN++ Dex-4} (You found it on level 4 of the Shoals)
 62817 | Shoals:4 | Found Duczeqyne's Magic Scroll Boutique.
 62832 | Shoals:4 | Bought a scroll of blinking for 97 gold pieces
 63357 | Shoals:3 | Reached XP level 22. HP: 195/195 MP: 12/41
 63821 | Depths:1 | Entered Level 1 of the Depths
 63826 | Depths:1 | Noticed Asterion
 64111 | Depths:1 | Killed Asterion
 64315 | Depths:1 | You fall through a shaft!
 64416 | Depths:2 | Noticed Nikola
 64489 | Depths:2 | Killed Nikola
 65331 | Depths:1 | Found a sparkling altar of Nemelex Xobeh.
 65821 | Depths:1 | Found a one-way gate leading to the halls of Pandemonium.
 66240 | Depths:2 | Found a one-way gate to the infinite horrors of the Abyss.
 66359 | Depths:2 | Noticed Bai Suzhen
 66366 | Depths:2 | Killed Bai Suzhen
 66392 | Depths:2 | Found Eduilu's Assorted Antiques.
 66398 | Depths:2 | Bought a potion of heal wounds for 205 gold pieces
 66886 | Depths:2 | Noticed Sojobo
 66891 | Depths:2 | Killed Sojobo
 67288 | Depths:2 | Noticed a golden dragon
 67296 | Depths:2 | Killed a golden dragon
 67366 | Depths:2 | Identified the cursed +2 rapier of Wyrd {pierce, +Fly rElec Str-4 Int+7} (You found it on level 2 of the Depths)
 68438 | Depths:3 | Reached XP level 23. HP: 193/202 MP: 36/44
 69229 | Depths:3 | Upgraded the game from 0.22-a0-412-g2b68d144a4 to 0.22-a0-414-gacd343e8ff
 69920 | Depths:3 | Found a gateway to a ziggurat.
 70741 | Depths:4 | Found an ancient bone altar of Kikubaaqudgha.
 71064 | Depths:4 | Noticed Saint Roka
 71069 | Depths:4 | Killed Saint Roka
 71706 | Depths:4 | Identified Noivvos's Collected Works on Twisted Darkness
 72080 | Depths:5 | Entered Level 5 of the Depths
 72080 | Depths:5 | Noticed Boris
 72920 | Depths:5 | Killed Boris
 73552 | Depths:5 | Noticed the Enchantress
 73554 | Depths:5 | Killed the Enchantress
 73935 | Depths:5 | Identified the ring "Wamogopt" {rN+ MR+ MP+9 Int+2 Slay+2} (You took it off a draconian monk on level 5 of the Depths)
 74103 | Depths:5 | Noticed a caustic shrike
 74107 | Depths:5 | Noticed a caustic shrike
 74107 | Depths:5 | Noticed a caustic shrike
 74107 | Depths:5 | Killed a caustic shrike
 74117 | Depths:5 | Killed a caustic shrike
 74238 | Depths:5 | Reached XP level 24. HP: 133/210 MP: 27/45
 75144 | Depths:5 | Identified the +3 faerie dragon scales {rCorr Str+3 Dex+4} (You took it off the Enchantress on level 5 of the Depths)
 75939 | Depths:5 | Identified the cursed +1 chain mail of Analysis {rElec Str+2} (You found it on level 5 of the Depths)
 76027 | Depths:5 | Found a gate to the Realm of Zot.
 76035 | Depths:5 | Identified the +3 chain mail of Moral Flaws {*Slow Int+6 SInv} (You found it on level 5 of the Depths)
 76088 | Depths:5 | Upgraded the game from 0.22-a0-414-gacd343e8ff to 0.22-a0-417-g1387785b41
 76324 | Vaults:1 | Learned a level 8 spell: Lehudib's Crystal Spear
 76383 | Crypt:1  | Entered Level 1 of the Crypt
 76383 | Crypt:1  | Noticed Xtahua
 76390 | Crypt:1  | Killed Xtahua
 77080 | Crypt:1  | Noticed an ancient lich
 77640 | Crypt:1  | Killed an ancient lich
 77894 | Crypt:1  | Gained mutation: Armour fits poorly on your strangely shaped body. [mutagenic glow]
 79394 | Crypt:3  | Entered Level 3 of the Crypt
 80136 | Crypt:3  | Noticed an ancient lich
 80141 | Crypt:3  | Reached XP level 25. HP: 217/217 MP: 23/47
 80146 | Crypt:3  | Killed an ancient lich
 80590 | Crypt:3  | Found a basalt altar of Yredelemnul.
 80624 | Crypt:3  | Got a coiled glass ring
 80625 | Crypt:3  | Identified the ring of Law {rElec rN+ Int-2 Dex+5} (You found it on level 3 of the Crypt)
 80626 | Crypt:3  | Identified the ring "Atun" {rF++ rN+ MP+9 Dex-3 Stlth+} (You found it on level 3 of the Crypt)
 80627 | Crypt:3  | Identified the ring "Jass" {rN+ Int+3 SInv} (You found it on level 3 of the Crypt)
 80967 | Crypt:3  | Found a staircase to the Tomb.
 80974 | Crypt:3  | Identified the +0 pair of boots "Alipaosh" {+Blink MR- SInv} (You found it on level 3 of the Crypt)
 81414 | Slime:1  | Entered Level 1 of the Pits of Slime
 81949 | Slime:2  | Gained mutation: You are occasionally teleported next to monsters. [a shining eye]
 81976 | Slime:2  | Gained mutation: You are clumsy. (Dex -2) [a shining eye]
 82456 | Slime:3  | Gained mutation: You can translocate small distances at will. [a shining eye]
 82852 | Slime:5  | Entered Level 5 of the Pits of Slime
 82987 | Slime:4  | Gained mutation: You occasionally shout uncontrollably at your foes. [a shining eye]
 83049 | Slime:4  | Gained mutation: You are weak. (Str -2) [a shining eye]
 83135 | Slime:2  | Lost mutation: You occasionally shout uncontrollably at your foes. [potion of mutation]
 83135 | Slime:2  | Lost mutation: You are clumsy. (Dex -2) [potion of mutation]
 83135 | Slime:2  | Lost mutation: You are weak. (Str -2) [potion of mutation]
 83135 | Slime:2  | Lost mutation: Armour fits poorly on your strangely shaped body. [potion of mutation]
 83135 | Slime:2  | Gained mutation: Your muscles are strong. (Str +2) [potion of mutation]
 83135 | Slime:2  | Gained mutation: You tend to lose your temper in combat. [potion of mutation]
 83135 | Slime:2  | Gained mutation: You evolve. [potion of mutation]
 83135 | Slime:2  | Gained mutation: You expend magic power (3 MP) to strengthen your wands. [potion of mutation]
 83136 | Slime:2  | Lost mutation: You tend to lose your temper in combat. [potion of mutation]
 83136 | Slime:2  | Lost mutation: You evolve. [potion of mutation]
 83136 | Slime:2  | Lost mutation: Your muscles are strong. (Str +2) [potion of mutation]
 83136 | Slime:2  | Gained mutation: You possess an exceptional clarity of mind. [potion of mutation]
 83795 | Slime:5  | Noticed the Royal Jelly
 83799 | Slime:5  | Killed the Royal Jelly
 84623 | Slime:5  | Identified Veij's Papyrus of Doomed Dislocation
 84641 | Slime:5  | Got a slimy rune of Zot
 84660 | Slime:5  | Identified Sif Muna's Almanac of the Ghastly Entourage
 84681 | Slime:5  | Identified the Catalogue of Poison
 84720 | Slime:5  | Identified the Grimoire of the Arsonist and Protection
 84723 | Slime:5  | Identified the cursed +2 morningstar of Evil {speed, *Corrode +Rage rPois Dex+7} (You found it on level 5 of the Pits of Slime)
 84731 | Slime:5  | Got a smoking brass ring
 84751 | Slime:5  | Identified the ring "Fit Keymm" {*Drain +Fly rN+ MR+ Int+2} (You found it on level 5 of the Pits of Slime)
 84854 | Slime:2  | Gained mutation: Your body sometimes deteriorates upon taking damage. [a shining eye]
 84855 | Slime:2  | Lost mutation: You possess an exceptional clarity of mind. [a shining eye]
 84865 | Slime:1  | Noticed htuhola's ghost (journeyman MiMo)
 84869 | Slime:1  | Killed htuhola's ghost
 85129 | Lair:5   | Learned a level 2 spell: Sublimation of Blood
 85497 | Depths:2 | Voluntarily entered the Abyss.
 85572 | Abyss:1  | Found a roughly hewn altar of Beogh.
 85592 | Abyss:1  | Gained mutation: Your magical capacity is low. (-10% MP) [a neqoxec]
 85790 | Abyss:1  | Found a deep blue altar of Sif Muna.
 86047 | Abyss:1  | Reached XP level 26. HP: 181/225 MP: 44/44
 86398 | Abyss:2  | Got a shimmering brass ring
 86421 | Abyss:2  | Identified the ring "Tepuuq" {rCorr MR+ Str-4 Dex+6} (You found it on level 2 of the Abyss)
 86593 | Abyss:3  | Found a corrupted altar of Lugonu.
 86796 | Abyss:5  | Entered Level 5 of the Abyss
 86895 | Abyss:5  | Got an abyssal rune of Zot
 86931 | Depths:2 | Escaped the Abyss
 87061 | Hell     | Entered the Vestibule of Hell
 87061 | Hell     | Noticed Geryon
 87072 | Hell     | Killed Geryon
 87783 | Hell     | HP: 11/225 [hell knight/glaive of flaming (16)]
 87784 | Hell     | Mangled by a reaper

Vault maps used:
D:1:      scummos_arrival_checkerplants, serial_forest,
          infiniplex_forest_lined_4_way, infiniplex_forest_clump_C,
          infiniplex_forest_split, infiniplex_forest_clump_cross,
          infiniplex_forest_lined_room_3, infiniplex_forest_lined_room_3,
          infiniplex_forest_lined_3, minmay_tiny_reverse_x
D:3:      first_ration, tso_metal_star
D:4:      cheibrodos_quashed, makhleb_altar_promises_db
D:5:      gammafunk_temple_overflow_elements, uniq_duvessa, uniq_eustachio,
          uniq_sigmund, uniq_crazy_yiuf_cottage, uniq_pikel
D:6:      minmay_temple_entry_statues_pillars, uniq_grinder
D:8:      lemuel_zombie_altar_kikubaaqudgha, lair_entry_dummy, uniq_gastronok
D:9:      serial_co_window_serial, co_window_paths_b, co_window_paths_a,
          co_window_paths_a, co_window_paths_a, co_window_paths_b,
          co_window_paths_a, co_window_paths_b, co_window_of_opportunity_b,
          co_window_corner_b, co_window_corner_b, co_window_of_opportunity_c,
          co_window_broadway_c, co_window_4corner_b, glass_columns_b,
          glass_columns_c, glass_columns_a, glass_columns_b
D:10:     grunt_livestock
D:11:     minmay_misc_feat_x
D:12:     orc_0_dummy, basic_altar, serial_shops,
          nicolae_shop_overgrown_old_shop, nicolae_shop_waterfront, shop_statue,
          nicolae_shop_stone, shop, david_greed
D:13:     hangedman_vaults_entry_quadrant_bands, serial_shops,
          nicolae_shop_statue_plus, mikee_hates_you
D:14:     minmay_crystal_room, onia_ninara_cookie, uniq_roxanne, uniq_kirke,
          uniq_sonja
D:15:     grunt_enter_depths_hoard, minmay_misc_feat_square, serial_shops,
          nicolae_shop_behind_doors, nicolae_shop_stone, shop,
          minmay_three_doors
Lair:2:   grunt_megastairs_4, lemuel_fruit_fields, lemuel_fruit_tree,
          infiniplex_staircase_pool
Lair:3:   basic_altar, uniq_rupert
Lair:4:   minmay_shoals_entry_centaurs, minmay_snake_entry_six_corridors
Lair:5:   minmay_slime_entry_pillars, beast_lair_carwin_2
Lair:6:   evil_forest, serial_bayou_pond_b, st_stairs_5, lemuel_fruit_fields
Shoals:1: uniq_frances
Shoals:2: cheibrodos_shoals_roost, nicolae_shoals_arrival_archipelago
Shoals:3: uniq_polyphemus
Shoals:4: shoals_end_grunt_ice, shoals_ilsuiw_ice, serial_shops,
          nicolae_shop_window_shopping, nicolae_shoals_kraken_party
Snake:1:  serial_shops, nicolae_shop_trees
Snake:2:  lightli_airlock, uniq_aizul
Snake:3:  serial_bayou_crossing, minmay_shop_grove
Snake:4:  minmay_snake_end_coiled
Slime:1:  cheibrodos_slime_lost_civilization_10
Slime:2:  nicolae_slime_round_cave
Orc:2:    st_orc_mages, portal_ice_cave_entry_ice_beasts
Elf:1:    minmay_the_grid_octo_triangle, serial_shops, shop, evilmike_minifort
Elf:2:    serial_shops, shop
Elf:3:    minmay_elf_hall_statues
Vaults:1: vaults_room_fours, ontoclasm_vaults_bender,
          dpeg_vaults_pockets_of_resistance,
          nicolae_vaults_windows_and_doors_thing, nicolae_vaults_hallways_thing,
          v_misc_11, vaults_room_pools, uniq_jorgrun
Vaults:2: vaults_standard_mumra_lines, minmay_crypt_entry_necro_gods,
          nicolae_vaults_puzzle_piece, vaults_standard_mumra_x, v_pattern_4,
          nicolae_vaults_bisected_inception, v_alt_pattern_6, v_misc_17,
          ontoclasm_vaults_shuriken, grunt_vaults_hallway_short,
          vaults_dpeg_ring, vaults_room_stairs_pillars,
          hangedman_vaults_corner_blocks, hangedman_vaults_cutoff
Vaults:3: nicolae_vaults_specimen_jars, v_alt_pattern_6, vaults_mumra_hexcomb,
          ontoclasm_vaults_misaligned, hangedman_vaults_maws,
          nicolae_vaults_little_squares_1, serial_shops,
          nicolae_shop_temple_entry_statues_fountains
Vaults:4: nicolae_vaults_network_square, nicolae_vaults_halls_meeting,
          vaults_mumra_minichess_inversion, hangedman_vaults_slither,
          grunt_vaults_bifocal, vaults_room_semicircle, v_misc_1,
          nicolae_vaults_rhombus_6
Crypt:1:  weyrava_lich_vault, roderic_lattice_octagonal_star, uniq_xtahua
Crypt:2:  serial_co_window_serial, co_window_corner_a, co_window_paths_a,
          co_window_corner_a, co_window_paths_b, co_window_corner_a,
          co_window_2corner, co_window_corner_ca, co_window_paths_c,
          co_window_of_opportunity_b, co_window_corner_ca, co_window_paths_d,
          glass_columns_c, glass_columns_c, glass_columns_c, glass_columns_a,
          glass_columns_b
Crypt:3:  cryptofortress_bobbens
Depths:1: hell_entry, serial_bayou_pond_d, rand_demon_pan_entry_1,
          nemelex_xobeh_ov_fountains_minmay, uniq_asterion
Depths:2: cross_vault, serial_shops, shop, hell_entry, abyss_entry_crystal,
          nicolae_twisting_strands, grunt_megastairs_2, uniq_sojobo,
          uniq_bai_suzhen, uniq_nikola
Depths:3: hangedman_cross_stitches, enter_ziggurat_e, grunt_mini_vestibule,
          grunt_pan_entry_spiral, minmay_misc_feat_diagonals, abyss_entry
Depths:4: kennysheep_demon_jail, abyss_entry, basic_altar, hell_entry,
          infiniplex_staircase_star, uniq_saint_roka
Depths:5: lemuel_castle_with_subvaults, hangedman_abyss_or_decor_lesser_grid,
          grunt_hell_entry_dis_mu, abyss_entry, uniq_enchantress, uniq_boris
Abyss:3:  due_evilmike_abyss_rune_seething_liches
Abyss:4:  evilmike_abyss_exit_plants, hangedman_abyss_river_spirits,
          nicolae_abyss_rune_left_handed, evilmike_abyss_exit_6
Abyss:5:  abyss_exit_lava, gammafunk_abyss_rune_reverse_zot
IceCv:    ice_cave_caverns_03

Skill      XL: |  1  2  3  4  5  6  7  8  9 10 11 12 13 14 15 16 17 18 19 20 21 22 23 24 25 26 |
---------------+-------------------------------------------------------------------------------+-----
Spellcasting   | 2 3 4 7 10 11 12 13 15 17 18 20 22 23 | 23.8
Earth Magic    | 5 6 8 10 13 16 18 21 24 27 | 27.0
Shields        | 4 8 14 15 | 15.0
Fighting       | 9 11 | 11.0
Necromancy     | 4 10 | 10.0
Conjurations   | 9 10 | 10.0
Fire Magic     | 11 15 16 18 19 | 19.0
Dodging        | |  2.1
Stealth        | |  2.4
Transmutations | |  0.8

Action                   |  1- 3 |  4- 6 |  7- 9 | 10-12 | 13-15 | 16-18 | 19-21 | 22-24 | 25-27 || total
-------------------------+-------+-------+-------+-------+-------+-------+-------+-------+-------++-------
Melee: Unarmed           |       |     7 |       |       |       |       |       |       |       ||     7
       Rapier            |       |       |     1 |       |       |       |       |       |       ||     1
       Staff             |       |       |       |     3 |    26 |       |     9 |    17 |    17 ||    72
Throw: Javelin           |    40 |    16 |    15 |       |     2 |       |       |       |       ||    73
       Stone             |     1 |       |     1 |       |       |       |     2 |       |       ||     4
       Tomahawk          |       |       |    17 |    10 |     6 |       |       |       |       ||    33
 Cast: Sandblast         |    32 |    12 |    39 |    30 |    87 |     8 |    38 |     2 |       ||   248
       Stone Arrow       |     9 |    51 |    86 |   184 |   192 |    66 |    84 |    26 |       ||   698
       Passwall          |       |     1 |     1 |    11 |     5 |       |       |     3 |       ||    21
       Lee's Rapid Decon |       |       |    25 |   131 |   424 |   384 |   334 |   374 |   112 ||  1784
       Petrify           |       |       |       |     7 |    29 |     8 |    24 |    20 |     7 ||    95
       Iron Shot         |       |       |       |       |     4 |    98 |   153 |   288 |   281 ||   824
       Borgnjor's Vile C |       |       |       |       |       |     3 |    33 |    13 |     2 ||    51
       Bolt of Fire      |       |       |       |       |       |       |    94 |    10 |    16 ||   120
       Death Channel     |       |       |       |       |       |       |    23 |     5 |     1 ||    29
       Blink             |       |       |       |       |       |       |     1 |     2 |     6 ||     9
       Ignition          |       |       |       |       |       |       |       |    39 |    61 ||   100
       Lehudib's Crystal |       |       |       |       |       |       |       |     2 |       ||     2
       Sublimation of Bl |       |       |       |       |       |       |       |       |    60 ||    60
       Apportation       |       |       |       |       |       |       |       |       |    20 ||    20
Invok: Lesser Servant of |       |       |       |       |     1 |       |       |       |       ||     1
 Abil: Blink             |       |       |       |       |       |       |       |       |     1 ||     1
Evoke: Wand              |       |       |    13 |     4 |     9 |     3 |     2 |     3 |     2 ||    36
       Lamp of fire      |       |       |       |       |       |     1 |       |       |     2 ||     3
  Use: Potion            |     3 |     1 |     3 |     3 |     2 |       |     7 |       |     3 ||    22
       Scroll            |     2 |     5 |     5 |    10 |    11 |     8 |     6 |    16 |     9 ||    72
 Stab: Distracted        |       |       |       |       |     1 |       |       |       |       ||     1
  Eat: Chunk             |     3 |    13 |    19 |    36 |    32 |    32 |    80 |    43 |     6 ||   264
       Ration            |       |     1 |     1 |     4 |     4 |     6 |     2 |     8 |     8 ||    34
Armor: Robe              |     5 |    20 |    27 |    11 |    48 |    18 |    48 |    19 |    61 ||   257
       Leather armour    |       |       |       |    15 |    16 |       |       |       |       ||    31
Dodge: Dodged            |    20 |    36 |    39 |    46 |   106 |    52 |    88 |    78 |    73 ||   538
Block: Buckler           |       |       |       |    52 |   110 |    57 |     9 |       |       ||   228
       Shield            |       |       |       |       |       |       |   175 |   182 |   209 ||   566
       Reflection        |       |       |       |       |       |       |     1 |    50 |     8 ||    59

Table legend:
 A = Spawn XP
 B = Non-spawn XP
 C = Spawn XP percentage of total XP
 D = Spawn monster count
 E = Non-spawn monster count
 F = Spawn count percentage of total count
 G = Total turns spent on level
                    A         B        C        D         E        F      G
               +---------+---------+-------+---------+---------+-------+---------
         Total |   37466 | 1360713 |   2.7 |      68 |    2547 |   2.6 | 87784
               +---------+---------+-------+---------+---------+-------+---------
           D:1 |       0 |      41 |   0.0 |       0 |      23 |   0.0 |   860
           D:2 |       0 |      61 |   0.0 |       0 |      19 |   0.0 |   935
           D:3 |       0 |     254 |   0.0 |       0 |      13 |   0.0 |  1451
           D:4 |       0 |     526 |   0.0 |       0 |      26 |   0.0 |  2109
           D:5 |       0 |    2100 |   0.0 |       0 |      30 |   0.0 |  2433
           D:6 |       0 |     937 |   0.0 |       0 |      15 |   0.0 |  1110
           D:7 |       0 |    1640 |   0.0 |       0 |      38 |   0.0 |  1837
           D:8 |       0 |    3150 |   0.0 |       0 |      33 |   0.0 |  2040
           D:9 |       0 |     563 |   0.0 |       0 |       7 |   0.0 |  1194
          D:10 |       0 |    7423 |   0.0 |       0 |      37 |   0.0 |  1686
          D:11 |       0 |    5115 |   0.0 |       0 |      34 |   0.0 |  1158
          D:12 |       0 |    3703 |   0.0 |       0 |      32 |   0.0 |  1235
          D:13 |       0 |   15592 |   0.0 |       0 |      52 |   0.0 |  2357
          D:14 |       0 |   22577 |   0.0 |       0 |      74 |   0.0 |  1379
          D:15 |       0 |   14708 |   0.0 |       0 |      37 |   0.0 |  1730
        Lair:1 |       0 |    7437 |   0.0 |       0 |      29 |   0.0 |  1458
        Lair:2 |       0 |    4697 |   0.0 |       0 |      21 |   0.0 |  1490
        Lair:3 |       0 |    9931 |   0.0 |       0 |      25 |   0.0 |  1349
        Lair:4 |       0 |    7555 |   0.0 |       0 |      38 |   0.0 |  1704
        Lair:5 |       0 |   13379 |   0.0 |       0 |      39 |   0.0 |  1476
        Lair:6 |       0 |   17995 |   0.0 |       0 |      51 |   0.0 |  2059
      Shoals:1 |       0 |   25081 |   0.0 |       0 |      49 |   0.0 |  1678
      Shoals:2 |       0 |   13427 |   0.0 |       0 |      35 |   0.0 |   941
      Shoals:3 |       0 |   11794 |   0.0 |       0 |      22 |   0.0 |   924
      Shoals:4 |       0 |   39301 |   0.0 |       0 |      74 |   0.0 |  1660
       Snake:1 |       0 |    6612 |   0.0 |       0 |      12 |   0.0 |  1248
       Snake:2 |       0 |   25536 |   0.0 |       0 |      46 |   0.0 |  1461
       Snake:3 |       0 |   24636 |   0.0 |       0 |      46 |   0.0 |  2524
       Snake:4 |       0 |   51727 |   0.0 |       0 |     102 |   0.0 |  1520
       Slime:1 |       0 |   10720 |   0.0 |       0 |      26 |   0.0 |   598
       Slime:2 |       0 |   20102 |   0.0 |       0 |      44 |   0.0 |  1033
       Slime:3 |       0 |   19729 |   0.0 |       0 |      29 |   0.0 |   486
       Slime:4 |       0 |   15260 |   0.0 |       0 |      30 |   0.0 |   785
       Slime:5 |       0 |   46652 |   0.0 |       0 |      58 |   0.0 |   638
         Orc:1 |       0 |    2105 |   0.0 |       0 |      25 |   0.0 |   710
         Orc:2 |       0 |   10924 |   0.0 |       0 |      87 |   0.0 |  1649
         Elf:1 |       0 |   35573 |   0.0 |       0 |      63 |   0.0 |  2631
         Elf:2 |       0 |   38864 |   0.0 |       0 |      53 |   0.0 |  1745
         Elf:3 |       0 |   56958 |   0.0 |       0 |      57 |   0.0 |  2444
      Vaults:1 |       0 |   68070 |   0.0 |       0 |     106 |   0.0 |  3103
      Vaults:2 |       0 |   40842 |   0.0 |       0 |      72 |   0.0 |  2142
      Vaults:3 |       0 |   43697 |   0.0 |       0 |      64 |   0.0 |  2041
      Vaults:4 |       0 |   63033 |   0.0 |       0 |      91 |   0.0 |  2305
       Crypt:1 |       0 |   43564 |   0.0 |       0 |      38 |   0.0 |  1640
       Crypt:2 |       0 |   25925 |   0.0 |       0 |      29 |   0.0 |  1295
       Crypt:3 |       0 |   59232 |   0.0 |       0 |      81 |   0.0 |  1638
      Depths:1 |       0 |   42936 |   0.0 |       0 |      58 |   0.0 |  1605
      Depths:2 |     292 |   65240 |   0.4 |       1 |      58 |   1.7 |  3426
      Depths:3 |       0 |   59233 |   0.0 |       0 |      83 |   0.0 |  1969
      Depths:4 |       0 |   53771 |   0.0 |       0 |      86 |   0.0 |  2569
      Depths:5 |       0 |  113715 |   0.0 |       0 |      80 |   0.0 |  3369
          Hell |       0 |   14002 |   0.0 |       0 |      18 |   0.0 |    64
       Abyss:1 |   19536 |   26703 |  42.3 |      27 |      46 |  37.0 |   656
       Abyss:2 |    5722 |   10311 |  35.7 |      18 |      18 |  50.0 |   426
       Abyss:4 |    5043 |   11103 |  31.2 |      10 |      22 |  31.2 |   196
       Abyss:5 |    6873 |   13075 |  34.5 |      12 |      20 |  37.5 |   135
         IceCv |       0 |   11876 |   0.0 |       0 |      46 |   0.0 |  1459
               +---------+---------+-------+---------+---------+-------+---------
